 Dungeon Crawl Stone Soup version 0.22.1-6-g1668fe2 (webtiles) character file.

32 Kairos the Shield-Bearer (level 3, 0/19 HPs)
             Began as a Vine Stalker Fighter on Jan 24, 2019.
             Slain by a jackal (1 damage)
             ... on level 2 of the Dungeon.
             The game lasted 00:02:36 (752 turns).

Kairos the Shield-Bearer (Vine Stalker Fighter)      Turns: 752, Time: 00:02:37

Health: 0/19       AC:  7    Str: 19    XL:     3   Next: 27%
Magic:  0/4        EV:  7    Int:  8    God:
Gold:   28         SH:  9    Dex: 13    Spells: 2/2 levels left

rFire    . . .     SeeInvis .   a - +0 war axe
rCold    . . .     Gourm    .   c - +0 shield
rNeg     . . .     Faith    .   b - +1 scale mail
rPois    .         Spirit   +   (no helmet)
rElec    .         Reflect  .   (no cloak)
rCorr    .         Harm     .   (no gloves)
MR       .....                  (no boots)
Stlth    ..........             g - amulet of inaccuracy (curse)
HPRegen  0.06/turn              (no ring)
MPRegen  0.09/turn              (no ring)

@: no status effects
A: fangs 2, magic shield, antimagic bite, no potion heal 3, rot immunity
a: no special abilities


You were on level 2 of the Dungeon.
You were not hungry.

You visited 1 branch of the dungeon, and saw 2 of its levels.

You collected 28 gold pieces.

Inventory:

Hand Weapons
 a - a +0 war axe (weapon)
Armour
 b - a +1 scale mail (worn)
 c - a +0 shield (worn)
Jewellery
 g - a cursed amulet of inaccuracy (around neck)
Scrolls
 i - 2 scrolls of identify
Potions
 d - a potion of might
 e - a potion of lignification
 h - a potion of brilliance {unknown}
 j - a potion of haste {unknown}
Comestibles
 f - a ration


   Skills:
 + Level 2.8 Fighting
 + Level 2.0 Axes
 + Level 2.6 Armour
 + Level 1.3 Dodging
 + Level 3.0 Shields


You had 2 spell levels left.
You didn't know any spells.
Your spell library was empty.

Dungeon Overview and Level Annotations

Branches:
Dungeon (2/15)

Altars:


Innate Abilities, Weirdness & Mutations

You have extremely sharp teeth.
When hurt, damage is shared between your health and your magic reserves.
Your bite disrupts and absorbs the magic of your enemies.
Potions cannot restore your health.
You are immune to rotting.


Message History

The orc hits you but does no damage. You block the jackal's attack.
An orc priest comes into view. It is wielding a flail.
Unknown command.
Your shield and scale mail prevent you from hitting the jackal.
Your bite misses the jackal.
The jackal is moderately wounded.
You miss the orc. You miss the jackal.
The jackal bites you but does no damage. x2
The orc barely misses you.
The jackal bites you but does no damage. x2
The orc hits you with a club.
* * * LOW HITPOINT WARNING * * *
You block the jackal's attack.
You miss the jackal. Your bite misses the jackal. You hit the orc.
You barely miss the jackal. The jackal bites you.
* * * LOW HITPOINT WARNING * * *
The jackal barely misses you.
The jackal bites you but does no damage.
The orc closely misses you. The jackal bites you.
You die...

.##.....### #.#
!.........# #.#
...[......# #.#
.........########.#
.##.o....... ..##.#
.....o....# #.##.#
.....oh#..#####.##.#####
.....Sh@(...............
######o...#.###.##.#####
#...............#
.......#.#.........
###.##......#######.#
#.. ###.##<# .# ...
..##.# # ##. ### .#


You could see 2 orc priests, an adder, 2 orcs and 2 jackals.

Vanquished Creatures
  An ooze (D:1)
  A dart slug (D:1)
  A leopard gecko (D:2)
  A ball python (D:2)
  2 giant cockroaches (D:1)
  2 goblins (D:2)
  2 hobgoblins
  A jackal (D:2)
  A quokka (D:2)
  4 bats
  2 frilled lizards (D:1)
  3 kobolds (D:1)
  4 rats
25 creatures vanquished.

Notes
Turn   | Place    | Note
-------+----------+-------------------------------------------
     0 | D:1      | Kairos the Vine Stalker Fighter began the quest for the
                  | Orb.
     0 | D:1      | Reached XP level 1. HP: 11/11 MP: 2/2
   122 | D:1      | Reached XP level 2. HP: 12/16 MP: 3/3
   378 | D:1      | Reached skill level 1 in Dodging
   628 | D:1      | You fall through a shaft!
   634 | D:2      | Reached XP level 3. HP: 18/19 MP: 4/4
   749 | D:2      | Reached skill level 3 in Shields
   752 | D:2      | Slain by a jackal

Skill      XL: |  1  2  3 |
---------------+----------+-----
Axes           | 2 |  2.0
Dodging        | 1 |  1.3
Shields        | 3 |  3.0
Fighting       | |  2.8
Armour         | |  2.6

Action                   || total
-------------------------++-------
Melee: War axe           ||   125
       Bite              ||    18
  Use: Scroll            ||     3
Armor: Scale mail        ||   100
Dodge: Dodged            ||    71
Block: Shield            ||   104
